 Dungeon Crawl Stone Soup version 0.26-a0-667-g92642533e4 (webtiles) character file.

Game seed: 3291671635339099012

5945 wemp the Covert (level 10, -1/46 HPs)
             Began as a Spriggan Enchanter on Oct 18, 2020.
             Was a Believer of Okawaru.
             Slain by Gastronok (20 damage)
             ... on level 9 of the Dungeon.
             The game lasted 00:43:59 (11777 turns).

wemp the Covert (Spriggan Enchanter)               Turns: 11777, Time: 00:43:59

Health: -1/46      AC:  3    Str:  4    XL:     10   Next: 54%
Magic:  17/23      EV: 23    Int: 23    God:    Okawaru [**....]
Gold:   589        SH: 11    Dex: 23    Spells: 20/26 levels left

rFire    . . .     SeeInvis +   o - +2 dagger (vamp)
rCold    . . .     Faith    .   J - +0 buckler
rNeg     . . .     Spirit   .   t - +1 robe
rPois    .         Reflect  +   (helmet restricted)
rElec    .         Harm     .   (no cloak)
rCorr    .         Rampage  .   (gloves unavailable)
MR       +....                  (boots unavailable)
Stlth    ++++++....             b - amulet of reflection
HPRegen  0.15/turn              H - ring of Midnight {*Drain +Fly Int+3 Dex+6}
MPRegen  0.18/turn              K - ring of wizardry

@: confusing touch, studying Earth Magic, very quick
A: very small, unfitting armour, see invisible, speed 3
a: Heroism, Renounce Religion, Evoke Flight


You were on level 9 of the Dungeon.
You worshipped Okawaru.
Okawaru was pleased with you.
You visited 2 branches of the dungeon, and saw 10 of its levels.

You collected 589 gold pieces.

Inventory:

Hand Weapons
 a - a +2 dagger
 h - a +0 dagger
 o - a +2 vampiric dagger (weapon)
 r - a +1 dagger of venom
 u - a +0 dagger of holy wrath
 E - a +0 hunting sling of freezing
 G - a +0 dagger of draining
Missiles
 j - 22 poisoned darts (quivered)
 w - 8 atropa-tipped darts
Armour
 t - a +1 robe (worn)
 J - a +0 buckler (worn)
Jewellery
 b - an amulet of reflection (around neck)
 f - a +4 ring of evasion
 g - an uncursed amulet of the acrobat
 m - a +4 ring of protection
 H - the ring of Midnight (left hand) {*Drain +Fly Int+3 Dex+6}
   (You found it on level 8 of the Dungeon)

   [ring of flight]

   It affects your intelligence (+3).
   It affects your dexterity (+6).
   It lets you fly.
   It causes draining when unequipped.
 K - a ring of wizardry (right hand)
Wands
 s - a wand of random effects (13)
 y - a wand of digging (6)
 D - a wand of flame (10)
 F - a wand of iceblast (20)
Scrolls
 c - 8 scrolls of identify
 e - 5 scrolls of remove curse
 i - 2 scrolls of blinking
 k - 4 scrolls of fog
 n - 3 scrolls of magic mapping
 v - a scroll of teleportation
 A - a scroll of enchant weapon
 B - a scroll of enchant armour
Potions
 d - a potion of degeneration
 l - 2 potions of heal wounds
 p - 3 potions of brilliance
 q - 2 potions of resistance
 x - 2 potions of curing
 z - a potion of magic
 C - a potion of flight
Books
 I - a manual of Earth Magic


   Skills:
 + Level 2.1 Fighting
 + Level 5.7 Short Blades
 + Level 6.4 Dodging
 + Level 13.8 Stealth
 + Level 0.3 Shields
 + Level 8.8 Spellcasting
 + Level 8.3 Hexes
 + Level 4.7 Ice Magic


You had 20 spell levels left.
You knew the following spells:

 Your Spells              Type           Power        Failure   Level
a - Summon Small Mammal   Summ           ##..         4%          1
b - Ensorcelled Hibernat  Hex/Ice        #####.       1%          2
c - Confusing Touch       Hex            #####...     1%          3

Your spell library contained the following spells:

 Spells                   Type           Power        Failure   Level
 Corona                   Hex            #####..      1%          1
 Tukima's Dance           Hex            #####...     1%          3
 Dazzling Flash           Conj/Hex       ####..       2%          3
 Animate Skeleton         Necr           ##....       4%          1
 Apportation              Tloc           ##....       4%          1


Dungeon Overview and Level Annotations

Branches:
Dungeon (9/15)             Temple (1/1) D:7             Orc (0/2) D:9
   Lair: D:8-11

Altars:
Ashenzari
Cheibriados
Dithmenos
Elyvilon
Fedhas
Gozag
Hepliaklqana
Kikubaaqudgha
Makhleb
Nemelex Xobeh
Okawaru
Qazlal
Ru
Sif Muna
Trog
Uskayaw
Vehumet
Wu Jian
Xom
Yredelemnul
Zin
The Shining One

Annotations:
D:9 Gastronok, Maurice


Innate Abilities, Weirdness & Mutations

You are very small and have problems with some larger weapons.
You are too small for most types of armour.
You have supernaturally acute eyesight. (SInv)
You cover ground extremely quickly.


Message History

Press: ? - help, Shift-Dir - straight line, f - Gastronok
Aim: Gastronok, wearing the +3 hat of Pondering {ponderous, MR+ MP+10 Int+5} (chance to defeat MR: 2%) Gastronok resists with almost no effort.
Casting: Ensorcelled Hibernation (safe; 1% risk of failure)
Confirm with . or Enter, or press ? or * to list all spells.
Aiming: Ensorcelled Hibernation (safe; 1% risk of failure)
Press: ? - help, Shift-Dir - straight line, f/p - Gastronok
Aim: Gastronok, wearing the +3 hat of Pondering {ponderous, MR+ MP+10 Int+5} (chance to defeat MR: 2%) Gastronok resists with almost no effort.
Gastronok waves his eye-stalks in wide circles.
The air twists around and strikes you!!
Ouch! That really hurt!
Casting: Ensorcelled Hibernation (safe; 1% risk of failure)
Confirm with . or Enter, or press ? or * to list all spells.
Your hands begin to glow red.
You block Gastronok's attack.
You hit Gastronok but do no damage. You hit Gastronok but do no damage.
You hit Gastronok but do no damage. Gastronok bites you!!
You die...

#.........# #........ #.........#
#........ #.........# #.<......
#.........# #........ #####
#.........# #........ ....#
####.....># #........ ....#
#......# #........ ....# #......#
#........ ....# #.....@######
#........ ....#######......w....#
###...... ....#.....#...........#
#...... ....#.....#...........#
#...... ....#.....#######.....#
#...... #####.....#
+.รท...#####...... ...##.....#
#..[......r...... ...##.....##
######...........
....'......#.........#...........


You could see Gastronok.

Vanquished Creatures
  A two-headed ogre (D:8)
  An ugly thing (D:8)
  Joseph (D:7)
  Grinder (D:6)
  Prince Ribbit (D:6)
  6 yaks (D:9)
  2 ice beasts
  2 orc warriors (D:7)
  2 sky beasts
  4 ogres
  2 phantoms
  A necrophage (D:7)
  2 centaurs
  A big kobold (D:8)
  A bullfrog (D:8)
  Blork the orc (D:5)
  3 scorpions
  6 killer bees (D:9)
  A water moccasin skeleton (D:7)
  4 wights (D:6)
  2 howler monkeys
  A quasit (D:8)
  A bullfrog skeleton (D:8)
  2 hounds (D:7)
  2 jellies
  4 orc priests
  A centaur skeleton (D:4)
  2 iguanas
  7 orc wizards
  10 worker ants
  A hound zombie (D:7)
  10 adders
  2 shadow imps
  A white imp (D:5)
  3 adder skeletons
  4 worms
  6 dart slugs
  10 leopard geckos
  40 orcs
  5 ball pythons
  11 bats
  8 giant cockroaches
  13 goblins
  4 hobgoblins
  8 jackals
  6 quokkas
  A ball python skeleton (D:4)
  14 frilled lizards
  12 kobolds
  2 leopard gecko skeletons
  4 rats
240 creatures vanquished.

Vanquished Creatures (others)
  2 plants (D:1)
2 creatures vanquished.

Grand Total: 242 creatures vanquished

Notes
Turn   | Place    | Note
-------+----------+-------------------------------------------
     0 | D:1      | wemp the Spriggan Enchanter began the quest for the Orb.
     0 | D:1      | Reached XP level 1. HP: 9/9 MP: 5/5
    63 | D:1      | Reached XP level 2. HP: 7/13 MP: 6/6
   466 | D:1      | Reached skill level 5 in Stealth
   588 | D:1      | Reached XP level 3. HP: 16/16 MP: 8/8
   603 | D:1      | Learned a level 2 spell: Ensorcelled Hibernation
  1192 | D:2      | Reached XP level 4. HP: 21/21 MP: 6/9
  1199 | D:2      | Reached skill level 6 in Stealth
  1685 | D:2      | Learned a level 3 spell: Confusing Touch
  2655 | D:3      | Reached XP level 5. HP: 18/24 MP: 1/10
  3614 | D:4      | Reached skill level 7 in Stealth
  3778 | D:4      | Reached skill level 1 in Fighting
  3782 | D:4      | Reached skill level 1 in Ice Magic
  3895 | D:4      | Reached XP level 6. HP: 30/30 MP: 12/12
  4042 | D:4      | Noticed an ice beast
  4561 | D:4      | Reached skill level 8 in Stealth
  4608 | D:4      | Killed an ice beast
  4608 | D:4      | Reached skill level 5 in Hexes
  4608 | D:4      | Reached XP level 7. HP: 25/33 MP: 7/14
  4987 | D:4      | Found a radiant altar of Vehumet.
  5341 | D:5      | Entered Level 5 of the Dungeon
  5369 | D:5      | Noticed Blork the orc
  5377 | D:5      | Killed Blork the orc
  5755 | D:5      | Reached skill level 9 in Stealth
  6430 | D:6      | Reached XP level 8. HP: 34/37 MP: 9/16
  6445 | D:6      | Reached skill level 10 in Stealth
  6749 | D:6      | Reached skill level 5 in Spellcasting
  7054 | D:6      | Reached skill level 5 in Dodging
  7124 | D:6      | Noticed Grinder
  7125 | D:6      | Noticed Prince Ribbit
  7330 | D:6      | Killed Prince Ribbit
  7407 | D:6      | Killed Grinder
  8184 | D:6      | Reached skill level 11 in Stealth
  8298 | D:7      | Reached XP level 9. HP: 42/42 MP: 3/19
  9270 | D:7      | Found a staircase to the Ecumenical Temple.
  9275 | Temple   | Entered the Ecumenical Temple
  9526 | Temple   | Became a worshipper of Warmaster Okawaru
  9697 | D:7      | Noticed Joseph
  9724 | D:7      | Killed Joseph
  9724 | D:7      | Reached * piety under Okawaru
  9842 | D:7      | Reached skill level 12 in Stealth
 10239 | D:8      | Noticed a two-headed ogre
 10245 | D:8      | Killed a two-headed ogre
 10245 | D:8      | Reached skill level 5 in Short Blades
 10479 | D:8      | Reached XP level 10. HP: 46/46 MP: 19/22
 10518 | D:8      | Got a bound brass ring
 10519 | D:8      | Identified the ring of Midnight {*Drain +Fly Int+3 Dex+6}
                  | (You found it on level 8 of the Dungeon)
 10567 | D:8      | Learned a level 1 spell: Summon Small Mammal
 10580 | D:8      | Noticed a white ugly thing
 10598 | D:8      | Killed a white ugly thing
 10598 | D:8      | Reached skill level 13 in Stealth
 10707 | D:8      | Reached ** piety under Okawaru
 11264 | D:9      | Found a staircase to the Orcish Mines.
 11393 | D:9      | Noticed Gastronok
 11403 | D:9      | Noticed Maurice
 11777 | D:9      | Slain by Gastronok

Illustrated notes

Levels and vault maps discovered:
D:1:      minmay_arrival_diagonal_passages, layout_loops_cross,
          serial_bayou_pond_c
D:2:      layout_basic
D:3:      layout_basic
D:4:      layout_cave_pools, nicolae_overflow_hidden_temple
D:5:      layout_cave_pods, chequers_serial_rivers_room_b, uniq_blork_the_orc
D:6:      layout_rooms, gup_sewer_entry_pipe, uniq_grinder, uniq_prince_ribbit1
D:7:      layout_loops_corners, minmay_temple_entry_statues_pillars,
          nicolae_underground_beach, uniq_joseph
D:8:      layout_basic, minmay_manual_mullet
D:9:      layout_gridville, orc_0_dummy, serial_rivers,
          chequers_serial_rivers_small_b, chequers_serial_rivers_large_a,
          chequers_serial_rivers_small_b, chequers_serial_rivers_micro_d,
          chequers_serial_rivers_marsh, chequers_serial_rivers_small_a,
          feat_on_display, uniq_maggie, uniq_maurice, uniq_pikel, uniq_gastronok
Temple:   roderic_octagonal_lattice_temple

Skill      XL: |  1  2  3  4  5  6  7  8  9 10 |
---------------+-------------------------------+-----
Hexes          | 4 5 6 7 8 |  8.3
Spellcasting   | 3 4 6 7 8 |  8.8
Stealth        | 5 6 7 8 9 11 12 13 | 13.8
Dodging        | 4 5 6 |  6.4
Short Blades   | 2 3 4 5 |  5.7
Fighting       | 1 2 |  2.1
Ice Magic      | 1 3 4 |  4.7
Shields        | |  0.3

Action                   |  1- 3 |  4- 6 |  7- 9 | 10-12 || total
-------------------------+-------+-------+-------+-------++-------
Melee: Dagger            |   138 |   291 |   414 |    54 ||   897
 Cast: Ensorcelled Hiber |     2 |    62 |   128 |    34 ||   226
       Confusing Touch   |       |     5 |    14 |     5 ||    24
       Corona            |       |     1 |       |       ||     1
  Use: Scroll            |       |    14 |     3 |     3 ||    20
       Potion            |       |     4 |     1 |     1 ||     6
 Stab: Sleeping          |    15 |    41 |    61 |    21 ||   138
       Distracted        |       |     2 |     2 |     1 ||     5
       Confused          |       |     5 |    15 |     5 ||    25
Armor: Robe              |    22 |    26 |    25 |     3 ||    76
Dodge: Dodged            |   133 |   238 |   299 |    71 ||   741
Block: Other             |       |    32 |    70 |     7 ||   109
       Buckler           |       |       |       |    29 ||    29

Table legend: (Time is in decaauts)
 A = Elapsed time spent in this place.
 B = Non-inter-level travel time spent in this place.
 C = Inter-level travel time spent in this place.
 D = Time resting spent in this place.
 E = Time spent auto-exploring this place.
 F = Levels seen in this place.
 G = Mean time per level.
                   A        B        C        D        E       F      G
               +--------+--------+--------+--------+--------+-----+--------+
         Total |   9108 |   8835 |    273 |   2561 |   3925 |  10 |  910.8 |
       Dungeon |   8945 |   8683 |    262 |   2561 |   3782 |   9 |  993.9 |
        Temple |    162 |    151 |     11 |      0 |    143 |   1 |  162.0 |
               +--------+--------+--------+--------+--------+-----+--------+

Top non-repeatable levels by time:
     D:4: 1524 daAuts
     D:6: 1326 daAuts
     D:7: 1256 daAuts
     D:5: 989 daAuts
     D:3: 968 daAuts
     D:2: 842 daAuts
     D:1: 789 daAuts
     D:8: 668 daAuts
     D:9: 579 daAuts
  Temple: 162 daAuts
